AoeStats
← Yaya Banana

Pilgrims

508488964Analyzed
4v4 RM · 11d ago on Sep 22, 2026· 11m 9s· 8 players
Game mode
Random Map
Map size
Large (8 player)
Population
200
Speed
Normal
Resources
Standard
Victory
Conquest
Starting age
Dark Age
Ending age
Imperial Age
RankedLock teamsTeams togetherTeam positionsShared explorationLock speedFull tech treeHidden civsTurbo modeCheats
Victory
Defeat
🇳🇱 Khmer · Netherlands
1379
+15
🇩🇪 Inca · Germany
1354
+16
🇫🇮 Byzantines · Finland
1354
+16
🇳🇴 Slavs · Norway
1327
+18
🇳🇱 Danes · Netherlands
1423
-18
🇨🇴 Saracens · Colombia
1417
-19
🇬🇧 Armenians · United Kingdom
1315
-14
🇲🇪 Vietnamese · Montenegro
1304
-14
Yaya Banana
7:09 Loom
11:24 Feudal Age
BuildDisorder [2]
6:25 Loom
12:24 Feudal Age
engarvi
5:31 Loom
12:03 Feudal Age
Howard Snable
9:38 Feudal Age
Goen
Soul Ledger
12:40 Feudal Age
strokac
8:44 Loom
[MLTS] RKotzen
8:51 Loom
10:36 Feudal Age
Connection lost

Rejoining the realm…

Still unreachable

The connection could not be restored.

Session expired

The server has moved on; the page needs a fresh start.